 Dungeon Crawl Stone Soup version 0.30-a0-743-gbfdf073431 (webtiles) character file.

Game seed: 2024517333331974193

9383 browni3141 the Cleaver (level 11, -1/84 HPs)
             Began as a Mummy Cinder Acolyte on Feb 7, 2023.
             Was a Priest of Ignis.
             Slain by a manticore (7 damage)
             ... on level 9 of the Dungeon.
             The game lasted 00:32:15 (10285 turns).

browni3141 the Cleaver (Mummy Cinder Acolyte)      Turns: 10285, Time: 00:32:16

Health: -1/84      AC: 14    Str: 21    XL:     11   Next: 22%
Magic:  5/13       EV: 11    Int: 14    God:    Ignis [***...]
Gold:   563        SH:  0    Dex:  8    Spells: 10/12 levels left

rFire   + . .      SeeInvis .    y - +0 war axe
rCold   + . .      Faith    +    (no shield)
rNeg    + + +      Spirit   .    c - +2 steam dragon scales
rPois   ∞          Reflect  .    v - +0 helmet
rElec   .          Harm     .    L - scarf {repulsion}
rCorr   .          Rampage  .    (no gloves)
Will    +....                    i - +0 pair of boots
Stlth   +                        h - amulet of regeneration
HPRegen 1.14/turn                z - +4 ring of protection
MPRegen 0.13/turn                B - ring of protection from fire

@: repel missiles
A: cold resistance 1, negative energy resistance 3, torment resistance 2, heat
vulnerability 1, in touch with death 1, no potions, faith
a: Renounce Religion, Fiery Armour, Foxfire Swarm, Rising Flame


You were on level 9 of the Dungeon.
You worshipped Ignis.
Ignis was most pleased with you.
You visited 1 branch of the dungeon, and saw 9 of its levels.
You also visited: Sewer.

You collected 563 gold pieces.

Inventory:

Hand Weapons
 a - a -1 hand axe of flaming
 s - a +0 dagger of venom
 y - a +0 war axe (weapon)
 D - the +7 long sword "Doipiuvei" {freeze, Fly rPois Will- Int+4}
   (You found it on level 6 of the Dungeon)

   Int:       It affects your intelligence (+4).
   rPois:     It protects you from poison.
   Fly:       It grants you flight.
   Will:      It decreases your willpower.
 E - a +0 heavy hand axe
 G - a +2 dagger of venom
Missiles
 m - 4 javelins
 C - 3 boomerangs
 M - 6 poisoned darts (quivered)
Armour
 b - a +0 robe
 c - +2 steam dragon scales (worn)
 i - a +0 pair of boots (worn)
 j - a +0 ring mail
 k - a +0 leather armour
 t - a +4 ring mail
 v - a +0 helmet (worn)
 J - +0 acid dragon scales
 L - a scarf of repulsion (worn)
Jewellery
 e - a ring of protection from cold
 h - an amulet of regeneration (around neck)
 p - a ring of fire
 r - an amulet of guardian spirit
 z - a +4 ring of protection (left hand)
 B - a ring of protection from fire (right hand)
 H - an amulet of the acrobat
 I - a ring of see invisible
Wands
 K - a wand of digging (9)
Scrolls
 d - 2 scrolls of butterflies
 f - 6 scrolls of teleportation
 g - 2 scrolls of magic mapping
 l - 2 scrolls of fear
 n - a scroll of silence
 o - a scroll of amnesia
 q - 2 scrolls of acquirement
 u - 3 scrolls of noise {unknown}
 w - 2 scrolls of blinking {unknown}
 x - a scroll of vulnerability {unknown}
 A - 2 scrolls of enchant weapon {unknown}
 F - 2 scrolls of fog {unknown}
 N - a scroll of identify
 O - a scroll of poison


   Skills:
 * Level 7.0 Fighting
 - Level 12.0 Axes
 * Level 5.0 Throwing
 * Level 5.0 Armour
 - Level 1.3 Spellcasting
 - Level 2.4 Fire Magic


You had 10 spell levels left.
You knew the following spells:

 Your Spells              Type           Power      Damage    Failure   Level
a - Scorch                Fire           14%        2d5       14%         2

Your spell library contained the following spells:

 Spells                   Type           Power      Damage    Failure   Level
 Kiss of Death            Conj/Necr      4%         2d5       26%         1
 Cigotuvi's Dreadful Rot  Necr/Pois/Air  2%         N/A       36%         2
 Poisonous Vapours        Pois/Air       0%         N/A       36%         2
 Confusing Touch          Hex            0%         N/A       58%         3
 Mephitic Cloud           Conj/Pois/Air  0%         N/A       58%         3
 Dispel Undead            Necr           1%         3d6       94%         4


Dungeon Overview and Level Annotations

Branches:
Dungeon (9/15)             Temple (0/1) D:7            Lair (0/5) D:8
  Sewer (visited)
    Orc: D:9-12

Altars:
Ashenzari
Kikubaaqudgha
Okawaru
Sif Muna
Xom

Annotations:
D:8 2 transporters, hbarley's ghost, novice HOFi


Innate Abilities, Weirdness & Mutations

You are immune to poison.
Your flesh is cold resistant. (rC+)
You are immune to negative energy. (rN+++)
You are immune to unholy pain and torment.
You are vulnerable to heat. (rF-)
You are in touch with the powers of death.
You do not drink.
You have a special connection with the divine. (Faith)


Message History

You hit the manticore.
The manticore is severely wounded.
The manticore bites you! The manticore barely misses you.
The manticore claws you but does no damage.
You are too injured to fight recklessly!
Unknown command.
You barely miss the manticore.
The manticore is severely wounded.
The manticore bites you!
* * * LOW HITPOINT WARNING * * *
The manticore claws you but does no damage. x2
Casting: Scorch (safe; 14% risk of failure)
Confirm with . or Enter, or press ? or * to list all spells.
Flames lash the manticore.
The manticore is severely wounded.
The manticore's fire resistance burns away.
The manticore bites you but does no damage.
The manticore barely misses you. The manticore claws you.
* * * LOW HITPOINT WARNING * * *
Casting: Scorch (safe; 14% risk of failure)
Confirm with . or Enter, or press ? or * to list all spells.
Flames lash the manticore.
The manticore is burned terribly!
The manticore is severely wounded.
The manticore barely misses you. x2; The manticore claws you.
* * * LOW HITPOINT WARNING * * *
Casting: Scorch (safe; 14% risk of failure)
Confirm with . or Enter, or press ? or * to list all spells.
Flames lash the manticore.
The manticore is burned terribly!
The manticore is almost dead.
The manticore closely misses you. The manticore misses you.
The manticore claws you.
* * * LOW HITPOINT WARNING * * *
Casting: Scorch (safe; 14% risk of failure)
Confirm with . or Enter, or press ? or * to list all spells.
Flames lash the manticore.
The manticore is burned terribly!
The manticore is almost dead.
The manticore bites you!
* * * LOW HITPOINT WARNING * * *
The manticore barely misses you. The manticore claws you!
You die...

## ###. ≈ ##... ≈≈ ##(..
#≈≈≈≈≈≈ #.(. #≈≈≈≈≈# #.H#
#####≈≈≈≈≈♣ ♣.@♣#
♣♣...≈≈≈≈≈≈♣ ♣♣..♣
♣...~~≈≈≈≈.♣♣♣♣♣♣.♣
♣..~≈≈≈≈≈≈.♣P...♣.♣♣
.P≈≈≈≈≈≈≈~.........♣
.~≈≈≈≈≈≈~...............
~≈≈≈≈≈≈≈~~~~~~~~......~P
≈≈≈≈≈≈~~≈≈######~~~~~~~~~
≈≈≈≈~≈.~≈≈#..o.#.....~...


You could see a manticore (combustible).

Vanquished Creatures
  Gastronok (D:8)
  A manticore (D:9)
  A cyclops (D:9)
  Maggie (D:6)
  A merfolk (D:9)
  A troll (D:9)
  Grinder (Sewer)
  A wraith (D:8)
  2 hogs (D:8)
  6 yaks (D:8)
  2 wyverns
  2 vampire mosquitoes (D:9)
  Edmund (D:6)
  An acid dragon (D:9)
  10 black bears
  An ice beast (D:5)
  3 centaurs
  A phantom (D:5)
  3 kobold brigands
  2 gnoll sergeants
  9 bullfrogs
  A necrophage (D:4)
  2 scorpions
  17 killer bees
  A howler monkey (D:8)
  8 electric eels (D:9)
  4 orc priests
  A hound (D:6)
  2 jellies
  2 quasits (Sewer)
  4 iguanas
  11 orc wizards
  Robin (D:4)
  10 gnolls
  7 adders
  6 shadow imps
  8 ufetubi (Sewer)
  2 worms
  8 dart slugs
  30 orcs
  11 bats
  9 endoplasms
  8 giant cockroaches
  6 goblins
  10 hobgoblins
  25 kobolds
  6 quokkas
  12 ball pythons
  A frilled lizard (D:2)
  3 rats
267 creatures vanquished.

Vanquished Creatures (others)
  2 adder zombies (Sewer)
  An endoplasm (Sewer)
  A kobold zombie (Sewer)
  72 plants (D:9)
76 creatures vanquished.

Grand Total: 343 creatures vanquished

Notes
Turn   | Place    | Note
-------+----------+-------------------------------------------
     0 | D:1      | browni3141 the Mummy Cinder Acolyte began the quest for the
                  | Orb.
     0 | D:1      | Reached XP level 1. HP: 18/18 MP: 2/2
   102 | D:1      | Found a faded altar of an unknown god.
   219 | D:1      | Reached XP level 2. HP: 21/24 MP: 4/4
   587 | D:1      | Learned a level 2 spell: Scorch
   923 | D:2      | Gained mutation: You are in touch with the powers of death.
                  | [Mummy growth]
   923 | D:2      | Reached XP level 3. HP: 30/30 MP: 0/5
  1094 | D:2      | Reached skill level 1 in Armour
  1646 | D:3      | Reached XP level 4. HP: 37/37 MP: 6/6
  2137 | D:4      | Reached skill level 3 in Axes
  2174 | D:4      | Noticed a scorpion
  2188 | D:4      | Killed a scorpion
  2189 | D:4      | Reached XP level 5. HP: 38/42 MP: 1/7
  2190 | D:4      | Reached skill level 4 in Axes
  2697 | D:4      | Reached XP level 6. HP: 48/48 MP: 3/8
  2764 | D:4      | Noticed Robin
  2777 | D:4      | Killed Robin
  2901 | D:4      | Reached skill level 5 in Axes
  3129 | D:4      | Reached XP level 7. HP: 43/54 MP: 0/9
  3256 | D:5      | Entered Level 5 of the Dungeon
  3268 | D:5      | Reached skill level 6 in Axes
  3355 | D:5      | Found a glowing drain.
  3406 | Sewer    | Entered a sewer
  3835 | Sewer    | Noticed Grinder
  3843 | Sewer    | Reached skill level 7 in Axes
  3865 | Sewer    | Killed Grinder
  3866 | Sewer    | Reached XP level 8. HP: 58/60 MP: 2/10
  4015 | Sewer    | Found a burning altar of Makhleb.
  4395 | D:5      | Reached skill level 8 in Axes
  5166 | D:6      | Noticed a troll
  5344 | D:6      | Identified the +7 long sword "Doipiuvei" {freeze, Fly rPois
                  | Will- Int+4}
  5812 | D:6      | Noticed Edmund
  5818 | D:6      | Killed Edmund
  6007 | D:6      | Reached skill level 5 in Fighting
  6267 | D:6      | Reached skill level 9 in Axes
  6277 | D:6      | Noticed Maggie
  6294 | D:6      | Killed Maggie
  6295 | D:6      | Reached skill level 1 in Throwing
  6295 | D:6      | Reached XP level 9. HP: 68/68 MP: 4/11
  6490 | D:6      | Found a faded altar of an unknown god.
  6490 | D:6      | Found a shimmering altar of Xom.
  6497 | D:6      | Found a shimmering blue altar of Sif Muna.
  6499 | D:6      | Found an iron altar of Okawaru.
  6501 | D:6      | Found a broken altar of Ashenzari.
  6814 | D:7      | Found a staircase to the Ecumenical Temple.
  7375 | D:8      | Noticed Gastronok
  7481 | D:8      | Found a staircase to the Lair.
  7495 | D:8      | Killed Gastronok
  7496 | D:8      | Reached skill level 10 in Axes
  7496 | D:8      | Reached XP level 10. HP: 71/76 MP: 12/12
  7874 | D:8      | Noticed hbarley's ghost (novice HOFi)
  7875 | D:8      | Found a transporter.
  7875 | D:8      | Found a transporter.
  7877 | D:8      | Identified the +8 giant spiked club of Tension {heavy, MP+9
                  | Int+3}
  7877 | D:8      | Noticed a two-headed ogre
  8035 | D:9      | Reached skill level 11 in Axes
  8886 | D:8      | Found a transporter.
  8886 | D:8      | Found a transporter.
  9047 | D:9      | Identified 2 scrolls of acquirement
  9074 | D:9      | Noticed a cyclops
  9117 | D:9      | Killed a cyclops
  9118 | D:9      | Reached skill level 12 in Axes
  9539 | D:9      | Reached XP level 11. HP: 63/83 MP: 13/13
  9928 | D:9      | Reached skill level 5 in Throwing
  9928 | D:9      | Reached skill level 5 in Armour
 10212 | D:9      | Found an ancient bone altar of Kikubaaqudgha.
 10285 | D:9      | Slain by a manticore

Illustrated notes

Levels and vault maps discovered:
D:1:      lightli_arrival_statuegarden, layout_basic,
          dreamdust_ecumenical_altar_angels_and_demons,
          minmay_misc_feat_nine_boxes
D:2:      layout_loops_ring
D:3:      layout_rooms, eino_curves_04
D:4:      layout_basic, minmay_splitting_lines, minmay_divided_ellipse,
          uniq_robin
D:5:      layout_loops_ring, gup_sewer_entry_pipe, chequers_serial_rivers_marsh
D:6:      layout_basic, chequers_temple_overflow_minitemple,
          kennysheep_minor_cross, uniq_maggie, uniq_edmund
D:7:      layout_rooms, minmay_temple_entry_arrows
D:8:      gammafunk_indiana_jones, layout_basic, gammafunk_ghost_smash,
          uniq_gastronok
D:9:      kennysheep_town, serial_shops

Skill      XL: |  1  2  3  4  5  6  7  8  9 10 11 |
---------------+----------------------------------+-----
Fighting       | 4 5 6 7 |  7.0
Armour         | 1 2 4 5 |  5.0
Axes           | 3 4 5 7 9 10 12 | 12.0
Throwing       | 1 4 5 |  5.0
Spellcasting   | |  1.3
Fire Magic     | |  2.4

Action                     |  1- 3 |  4- 6 |  7- 9 | 10-12 || total
---------------------------+-------+-------+-------+-------++-------
  Melee: Hand axe          |   110 |   111 |   151 |       ||   372
         Punch             |       |     2 |     5 |     6 ||    13
         War axe           |       |       |   193 |   310 ||   503
         Long sword        |       |       |    14 |       ||    14
         Dagger            |       |       |    41 |    11 ||    52
  Throw: Dart              |       |       |    26 |    47 ||    73
         Boomerang         |       |       |     4 |     7 ||    11
         Javelin           |       |       |       |     7 ||     7
   Cast: Scorch            |     8 |    28 |    55 |     4 ||    95
 Invoke: Fiery Armour      |       |     1 |     5 |     2 ||     8
    Use: Scroll            |       |     5 |     2 |     5 ||    12
 Armour: Robe              |    12 |       |       |       ||    12
         Leather armour    |    22 |     4 |       |       ||    26
         Ring mail         |       |    75 |   163 |       ||   238
         Steam dragon scal |       |       |    84 |   223 ||   307
  Dodge: Dodged            |    65 |    79 |   230 |   264 ||   638

Table legend: (Time is in decaauts)
 A = Elapsed time spent in this place.
 B = Non-inter-level travel time spent in this place.
 C = Inter-level travel time spent in this place.
 D = Time resting spent in this place.
 E = Time spent auto-exploring this place.
 F = Levels seen in this place.
 G = Mean time per level.
                   A        B        C        D        E       F      G
               +--------+--------+--------+--------+--------+-----+--------+
         Total |  10350 |   9984 |    366 |    711 |   6740 |  10 | 1035.0 |
       Dungeon |   9536 |   9170 |    366 |    517 |   6378 |   9 | 1059.6 |
         Sewer |    813 |    813 |      0 |    194 |    362 |   1 |  813.0 |
               +--------+--------+--------+--------+--------+-----+--------+

Top non-repeatable levels by time:
     D:8: 1669 daAuts
     D:9: 1485 daAuts
     D:6: 1395 daAuts
     D:5: 1203 daAuts
     D:4: 1189 daAuts
   Sewer: 813 daAuts
     D:2: 786 daAuts
     D:1: 702 daAuts
     D:3: 602 daAuts
     D:7: 502 daAuts
